 Dungeon Crawl Stone Soup version 0.30-a0-715-gdb4ae3ece1 (webtiles) character file.

Game seed: 4874726859146010070

184 wormed the Thrower (level 5, -3/38 HPs)
             Began as a Gnoll Wanderer on Jan 24, 2023.
             Killed from afar by an orc wizard (8 damage)
             ... with a magic dart
             ... on level 3 of the Dungeon.
             The game lasted 00:03:22 (2816 turns).

wormed the Thrower (Gnoll Wanderer)                 Turns: 2816, Time: 00:03:23

Health: -3/38      AC:  4    Str: 13    XL:     5   Next: 63%
Magic:  9/9        EV: 16    Int: 13    God:
Gold:   141        SH:  0    Dex: 10    Spells: 10/10 levels left

rFire   . . .      SeeInvis .    a - +2 dagger
rCold   . . .      Faith    .    (no shield)
rNeg    . . .      Spirit   .    e - +1 leather armour
rPois   .          Reflect  .    (no helmet)
rElec   .          Harm     +    l - scarf {harm}
rCorr   .          Rampage  .    (no gloves)
Will    +....                    (no boots)
Stlth   ++                       (no amulet)
HPRegen 0.26/turn                b - +5 ring of evasion
MPRegen 0.11/turn                r - ring of willpower

@: no status effects
A: fangs 1, strong nose, distributed training
a: no special abilities


You were on level 3 of the Dungeon.
You visited 1 branch of the dungeon, and saw 3 of its levels.

You collected 141 gold pieces.

Inventory:

Hand Weapons
 a - a +2 dagger (weapon)
Armour
 e - a +1 leather armour (worn)
 l - a scarf of harm (worn)
Jewellery
 b - a +5 ring of evasion (left hand)
 o - a ring of resist corrosion
 r - a ring of willpower (right hand)
Wands
 c - a wand of polymorph (7)
 s - a wand of flame (28)
Scrolls
 d - a scroll of fear
 g - 2 scrolls of fog
 h - a scroll of noise
 p - 2 scrolls of vulnerability
 u - a scroll of identify
Potions
 f - a potion of resistance
 i - 2 potions of invisibility {unknown}
 j - a potion of mutation {unknown}
 k - a potion of haste {unknown}
 m - a potion of brilliance {unknown}
 n - a potion of magic {unknown}
 q - 2 potions of flight {unknown}
 t - a potion of experience {unknown}


   Skills:
 + Level 1.6 Fighting
 + Level 1.6 Short Blades
 + Level 1.6 Long Blades
 + Level 1.6 Axes
 + Level 1.6 Maces & Flails
 + Level 1.6 Polearms
 + Level 1.6 Staves
 + Level 1.6 Ranged Weapons
 + Level 8.7 Throwing
 + Level 1.6 Armour
 + Level 1.6 Dodging
 + Level 2.9 Stealth
 + Level 1.6 Shields
 + Level 1.6 Unarmed Combat
 + Level 3.2 Spellcasting
 + Level 1.3 Conjurations
 + Level 1.3 Hexes
 + Level 1.3 Summonings
 + Level 4.0 Necromancy
 + Level 1.3 Translocations
 + Level 1.3 Transmutations
 + Level 1.3 Fire Magic
 + Level 1.3 Ice Magic
 + Level 1.3 Air Magic
 + Level 1.3 Earth Magic
 + Level 1.3 Poison Magic
 + Level 1.9 Invocations
 + Level 4.8 Evocations


You had 10 spell levels left.
You didn't know any spells.
Your spell library contained the following spells:

 Spells                   Type           Power      Damage    Failure   Level
 Sublimation of Blood     Necr           12%        N/A       9%          2
 Cigotuvi's Dreadful Rot  Necr/Pois/Air  14%        N/A       17%         2


Dungeon Overview and Level Annotations

Branches:
Dungeon (3/15)

Altars:
Qazlal

Annotations:
D:3 Jessica


Innate Abilities, Weirdness & Mutations

You have very sharp teeth.
Your uncanny sense of smell can sniff out nearby items.
Your experience applies equally to all skills.


Message History

The orc wizard closely misses you.
You hit the orc wizard but do no damage.
The orc wizard is lightly wounded.
Jessica hits you but does no damage. The orc closely misses you.
The orc wizard hits you with a +0 dagger.
Jessica gestures wildly while chanting.
Jessica blinks!
You barely miss the orc wizard.
The orc wizard is lightly wounded.
Jessica closely misses you. The orc closely misses you.
The orc wizard misses you.
You completely miss the orc wizard.
The orc wizard is lightly wounded.
Jessica hits you with a +2 vampiric dagger.
Jessica draws strength from your wounds!
The orc wizard barely misses you. The orc barely misses you.
Jessica closely misses you.
You barely miss the orc wizard. Your bite misses the orc wizard.
The orc wizard is lightly wounded.
The orc barely misses you.
The orc wizard hits you with a +0 dagger.
* * * LOW HITPOINT WARNING * * *
Jessica shouts, "Stop bothering me, or I'll kill you!"
Jessica completely misses you.
You closely miss the orc wizard.
The orc wizard is lightly wounded.
Jessica closely misses you. The orc wizard barely misses you.
The orc hits you with a +0 flail.
* * * LOW HITPOINT WARNING * * *
You hit the orc wizard but do no damage.
The orc wizard is lightly wounded.
Jessica casts a spell.
Jessica blinks!
The orc misses you. The orc wizard closely misses you.
You hit the orc wizard.
The orc wizard is moderately wounded.
The orc hits you with a +0 flail.
* * * LOW HITPOINT WARNING * * *
The orc wizard points at you and mumbles some strange words.
The magic dart hits you!
You die...

### ##.## ##.#.##
##.###.###############
######.## ##)...@..<.......
........###.####oo.........
######.#.#.## #@######.###
#.##.######ยง#
#####...........#
#........########
#.######## #.# #.# #.# #.#


You could see an orc wizard, Jessica (fast) and an orc.

Vanquished Creatures
  Natasha (thrice) (D:2)
  An orc wizard (D:3)
  2 adders (D:2)
  4 worms (D:2)
  3 dart slugs
  5 orcs (D:3)
  3 bats
  7 endoplasms
  3 giant cockroaches
  A hobgoblin (D:3)
  3 kobolds
  A quokka (D:2)
  6 ball pythons
  3 frilled lizards (D:1)
  2 goblins (D:1)
  A rat (D:1)
48 creatures vanquished.

Notes
Turn   | Place    | Note
-------+----------+-------------------------------------------
     0 | D:1      | wormed the Gnoll Wanderer began the quest for the Orb.
     0 | D:1      | wormed set off with the following items: a +2 dagger, a
                  | curare-tipped dart, a wand of polymorph (7), a scroll of
                  | fear, a +0 leather armour; and the following spells
                  | available to memorise: Sublimation of Blood, Cigotuvi's
                  | Dreadful Rot.
     0 | D:1      | Reached XP level 1. HP: 13/13 MP: 4/4
   153 | D:1      | Reached XP level 2. HP: 15/19 MP: 5/5
   864 | D:2      | Reached XP level 3. HP: 15/25 MP: 7/7
   870 | D:2      | Reached skill level 1 in Invocations
  1283 | D:2      | Noticed Natasha
  1291 | D:2      | Killed Natasha
  1292 | D:2      | Reached skill level 1 in Fighting
  1292 | D:2      | Reached skill level 1 in Short Blades
  1292 | D:2      | Reached skill level 1 in Long Blades
  1292 | D:2      | Reached skill level 1 in Axes
  1292 | D:2      | Reached skill level 1 in Maces & Flails
  1292 | D:2      | Reached skill level 1 in Polearms
  1292 | D:2      | Reached skill level 1 in Staves
  1292 | D:2      | Reached skill level 1 in Ranged Weapons
  1292 | D:2      | Reached skill level 1 in Armour
  1292 | D:2      | Reached skill level 1 in Dodging
  1292 | D:2      | Reached skill level 1 in Shields
  1292 | D:2      | Reached skill level 1 in Unarmed Combat
  1292 | D:2      | Reached XP level 4. HP: 32/32 MP: 8/8
  1357 | D:2      | Reached skill level 1 in Conjurations
  1357 | D:2      | Reached skill level 1 in Hexes
  1357 | D:2      | Reached skill level 1 in Summonings
  1357 | D:2      | Reached skill level 1 in Translocations
  1357 | D:2      | Reached skill level 1 in Transmutations
  1357 | D:2      | Reached skill level 1 in Fire Magic
  1357 | D:2      | Reached skill level 1 in Ice Magic
  1357 | D:2      | Reached skill level 1 in Air Magic
  1357 | D:2      | Reached skill level 1 in Earth Magic
  1357 | D:2      | Reached skill level 1 in Poison Magic
  1440 | D:2      | Found a stormy altar of Qazlal.
  1517 | D:2      | Noticed Natasha
  1527 | D:2      | Killed Natasha
  1597 | D:2      | Noticed Natasha
  1608 | D:2      | Killed Natasha
  1609 | D:2      | Reached XP level 5. HP: 21/37 MP: 9/9
  2121 | D:2      | Found a stormy altar of Qazlal.
  2766 | D:3      | Noticed Jessica
  2816 | D:3      | Killed from afar by an orc wizard

Illustrated notes

Levels and vault maps discovered:
D:1:      saegor_arrival_simple_c, layout_basic
D:2:      layout_basic, basic_altar, hangedman_glass_teeth, uniq_natasha
D:3:      layout_loops_ring, lemuel_blue_sif_altar, basic_ecumenical_altar,
          portal_sewer_entry_b, patterned_corridor, uniq_robin, uniq_grinder,
          uniq_sigmund, uniq_jessica

Skill      XL: |  1  2  3  4  5 |
---------------+----------------+-----
Invocations    | 1 |  1.9
Fighting       | 1 |  1.6
Short Blades   | 1 |  1.6
Long Blades    | 1 |  1.6
Axes           | 1 |  1.6
Maces & Flails | 1 |  1.6
Polearms       | 1 |  1.6
Staves         | 1 |  1.6
Ranged Weapons | 1 |  1.6
Armour         | 1 |  1.6
Dodging        | 1 |  1.6
Shields        | 1 |  1.6
Unarmed Combat | 1 |  1.6
Spellcasting   | 3 |  3.2
Conjurations   | 1 |  1.3
Hexes          | 1 |  1.3
Summonings     | 1 |  1.3
Translocations | 1 |  1.3
Transmutations | 1 |  1.3
Fire Magic     | 1 |  1.3
Ice Magic      | 1 |  1.3
Air Magic      | 1 |  1.3
Earth Magic    | 1 |  1.3
Poison Magic   | 1 |  1.3
Necromancy     | 4 |  4.0
Throwing       | |  8.7
Stealth        | |  2.9
Evocations     | |  4.8

Action                     |  1- 3 |  4- 6 || total
---------------------------+-------+-------++-------
  Melee: Dagger            |   136 |   152 ||   288
         Bite              |    12 |    20 ||    32
         Punch             |     2 |     1 ||     3
  Throw: Dart              |     1 |       ||     1
    Use: Scroll            |     6 |     3 ||     9
   Stab: Sleeping          |     1 |     2 ||     3
 Armour: Leather armour    |    16 |    21 ||    37
  Dodge: Dodged            |    93 |   118 ||   211

Table legend: (Time is in decaauts)
 A = Elapsed time spent in this place.
 B = Non-inter-level travel time spent in this place.
 C = Inter-level travel time spent in this place.
 D = Time resting spent in this place.
 E = Time spent auto-exploring this place.
 F = Levels seen in this place.
 G = Mean time per level.
                   A        B        C        D        E       F      G
               +--------+--------+--------+--------+--------+-----+--------+
         Total |   2811 |   2751 |     60 |      0 |   2128 |   3 |  937.0 |
       Dungeon |   2811 |   2751 |     60 |      0 |   2128 |   3 |  937.0 |
               +--------+--------+--------+--------+--------+-----+--------+

Top non-repeatable levels by time:
     D:2: 1652 daAuts
     D:1: 834 daAuts
     D:3: 324 daAuts
